 Dungeon Crawl Stone Soup version 0.24.0-2-g5b39cebb1c (console) character file.

Game seed: 5380910747917858759, levelgen mode: deterministic

781 Kagalorn the Magician (level 7, 0/51 HPs)
             Began as a Gnoll Wizard on Oct 31, 2019.
             Was an Initiate of Ashenzari.
             Slain by a worker ant (5 damage)
             ... on level 4 of the Dungeon.
             The game lasted 00:15:45 (3936 turns).

Kagalorn the Magician (Gnoll Wizard)                Turns: 3936, Time: 00:15:46

Health: 0/51       AC:  3    Str:  8 (9)  XL:     7   Next: 85%
Magic:  0/18       EV: 13    Int: 21 (22) God:    Ashenzari [......]
Gold:   137        SH:  0    Dex:  7 (14) Spells: 15/21 levels left

rFire    + . .     SeeInvis .   g - +0 spear
rCold    + . .     Gourm    .   (no shield)
rNeg     . . .     Faith    .   a - +0 robe
rPois    .         Spirit   .   s - +0 helmet
rElec    .         Reflect  .   p - scarf {rC+ rF+}
rCorr    .         Harm     .   (no gloves)
MR       .....                  (no boots)
Stlth    ++........             (no amulet)
HPRegen  0.17/turn              (no ring)
MPRegen  0.16/turn              (no ring)

@: lethally poisoned (0 -> -6), very slightly contaminated, hasted, very quick
A: distributed training, fangs 1, strong nose
a: Curse Item, Renounce Religion


You were on level 4 of the Dungeon.
You worshipped Ashenzari.
Ashenzari was noncommittal.
You were not hungry.

You visited 1 branch of the dungeon, and saw 5 of its levels.

You collected 137 gold pieces.

Inventory:

Hand Weapons
 g - a +0 spear (weapon)
 u - a +0 hunting sling
Missiles
 c - 117 stones (quivered)
 k - 98 bolts
 l - 44 arrows
 n - 53 sling bullets
Armour
 a - a +0 robe (worn)
 p - a scarf of resistance (worn)
 s - a +0 helmet (worn)
Scrolls
 f - 2 scrolls of remove curse
 h - 8 scrolls of identify {unknown}
 i - 2 scrolls of teleportation {unknown}
 q - 2 scrolls of enchant armour {unknown}
 r - a scroll of fog {unknown}
 t - a scroll of immolation {unknown}
 w - 2 scrolls of noise {unknown}
 x - a scroll of magic mapping {unknown}
 y - a scroll of amnesia {unknown}
Potions
 e - a potion of degeneration
 j - a potion of berserk rage {unknown}
 m - a potion of curing {unknown}
 o - 2 potions of haste
 v - 2 potions of lignification {unknown}
Comestibles
 d - 11 rations


   Skills:
 + Level 2.7 Fighting
 + Level 2.7 Short Blades
 + Level 2.7 Long Blades
 + Level 2.7 Axes
 + Level 2.7 Maces & Flails
 + Level 2.7 Polearms
 + Level 2.7 Staves
 + Level 2.7 Slings
 + Level 2.7 Bows
 + Level 2.7 Crossbows
 + Level 2.7 Throwing
 + Level 2.7 Armour
 + Level 5.3 Dodging
 + Level 5.0 Stealth
 + Level 2.7 Shields
 + Level 2.7 Unarmed Combat
 + Level 7.7 Spellcasting
 + Level 3.1 Conjurations
 + Level 2.2 Hexes
 + Level 2.2 Charms
 + Level 3.1 Summonings
 + Level 2.2 Necromancy
 + Level 3.1 Translocations
 + Level 2.2 Transmutations
 + Level 2.2 Fire Magic
 + Level 2.2 Ice Magic
 + Level 2.2 Air Magic
 + Level 2.2 Earth Magic
 + Level 2.2 Poison Magic
 + Level 3.0 Invocations
 + Level 2.7 Evocations


You had 15 spell levels left.
You knew the following spells:

 Your Spells              Type           Power        Failure   Level  Hunger
a - Magic Dart            Conj           ###.         2%          1    None
d - Conjure Flame         Conj/Fire      ###.....     9%          3    None
e - Blink                 Tloc           N/A          3%          2    None

Your spell library contained the following spells:

 Spells                   Type           Power        Failure   Level  Hunger
 Call Imp                 Summ           ###.....     3%          2    None
 Slow                     Hex            ###.....     4%          2    None
 Mephitic Cloud           Conj/Pois/Air  ###.....     9%          3    None


Dungeon Overview and Level Annotations

Branches:
Dungeon (5/15)
 Temple: D:4-7

Altars:
Ashenzari
Hepliaklqana
Okawaru
Qazlal
Ru


Innate Abilities, Weirdness & Mutations

Your experience applies equally to all skills.
You have very sharp teeth.
Your uncanny sense of smell can sniff out nearby items.


Message History

The worker ant barely misses you. The worker ant bites you.
* * * LOW HITPOINT WARNING * * *
You barely miss the worker ant.
The worker ant is lightly wounded.
The worker ant bites you.
* * * LOW HITPOINT WARNING * * *
You are lethally poisoned!
The worker ant poisons you!
It was a potion of haste.
You feel yourself speed up.
* * * LOW HITPOINT WARNING * * *
You feel sick. The worker ant barely misses you.
Press: ? - help, v - describe, . - travel
Here: a worker ant (lightly wounded)
The floor.
It was a potion of degeneration.
There was something very wrong with that liquid.
You feel weakened.
You feel dopey.
You feel clumsy.
* * * LOW HITPOINT WARNING * * *
You feel sick. The worker ant bites you.
You die...

#.......†.#.### ####.####
#.........#.# #......##
#.........#.# #.####.##
#.........#.# ##.# #...
#.........#.# ##..# ###.
##.......##.## ###..## ###..
#............######...#####...#
#.........#.........###.....##.
#.............@.......#.#####..
#..............a###...........#
#....................##........
##.......<......###..##########
##.............# #.## ######
########.########.# ###.....
#.# ####..####...#### #.#
##....###...###
#.###..##.....###


You could see a worker ant.

Vanquished Creatures
  Sigmund (D:2)
  A phantom (D:4)
  An ogre (D:4)
  A quasit (D:4)
  Terence (D:3)
  Jessica (D:3)
  A worker ant (D:5)
  Natasha (thrice) (D:3)
  3 orc wizards (D:4)
  6 adders
  2 oozes
  An adder skeleton (D:4)
  3 worms
  3 dart slugs
  A leopard gecko (D:1)
  13 orcs
  6 bats
  6 giant cockroaches
  9 goblins
  6 hobgoblins
  12 jackals
  9 kobolds
  A quokka (D:3)
  2 ball pythons
  4 frilled lizards
  2 jackal skeletons (D:4)
  A quokka skeleton (D:4)
  12 rats
112 creatures vanquished.

Notes
Turn   | Place    | Note
-------+----------+-------------------------------------------
     0 | D:1      | Kagalorn the Gnoll Wizard began the quest for the Orb.
     0 | D:1      | Reached XP level 1. HP: 13/13 MP: 8/8
    94 | D:1      | Reached XP level 2. HP: 19/19 MP: 3/10
   100 | D:1      | Learned a level 2 spell: Blink
   371 | D:1      | Reached XP level 3. HP: 19/25 MP: 2/11
   376 | D:1      | Learned a level 3 spell: Conjure Flame
  1029 | D:2      | Reached skill level 1 in Invocations
  1055 | D:2      | Found a stormy altar of Qazlal.
  1093 | D:2      | Noticed Sigmund
  1120 | D:2      | Reached skill level 1 in Fighting
  1120 | D:2      | Reached skill level 1 in Short Blades
  1120 | D:2      | Reached skill level 1 in Long Blades
  1120 | D:2      | Reached skill level 1 in Axes
  1120 | D:2      | Reached skill level 1 in Maces & Flails
  1120 | D:2      | Reached skill level 1 in Polearms
  1120 | D:2      | Reached skill level 1 in Staves
  1120 | D:2      | Reached skill level 1 in Slings
  1120 | D:2      | Reached skill level 1 in Bows
  1120 | D:2      | Reached skill level 1 in Crossbows
  1120 | D:2      | Reached skill level 1 in Throwing
  1120 | D:2      | Reached skill level 1 in Armour
  1120 | D:2      | Reached skill level 1 in Shields
  1120 | D:2      | Reached skill level 1 in Unarmed Combat
  1120 | D:2      | Reached skill level 1 in Evocations
  1171 | D:2      | Reached XP level 4. HP: 32/32 MP: 4/13
  1463 | D:2      | Killed Sigmund
  1463 | D:2      | Reached skill level 1 in Hexes
  1463 | D:2      | Reached skill level 1 in Charms
  1463 | D:2      | Reached skill level 1 in Necromancy
  1463 | D:2      | Reached skill level 1 in Transmutations
  1463 | D:2      | Reached skill level 1 in Fire Magic
  1463 | D:2      | Reached skill level 1 in Ice Magic
  1463 | D:2      | Reached skill level 1 in Air Magic
  1463 | D:2      | Reached skill level 1 in Earth Magic
  1463 | D:2      | Reached skill level 1 in Poison Magic
  1463 | D:2      | Reached XP level 5. HP: 38/38 MP: 0/14
  1463 | D:2      | Reached XP level 6. HP: 44/44 MP: 0/16
  1953 | D:3      | Found a hazy altar of Hepliaklqana.
  1954 | D:3      | Noticed Natasha
  2126 | D:3      | Killed Natasha
  2205 | D:3      | Found an iron altar of Okawaru.
  2263 | D:3      | Noticed Terence
  2297 | D:3      | Killed Terence
  2297 | D:3      | Reached skill level 5 in Dodging
  2475 | D:3      | Noticed Jessica
  2481 | D:3      | Killed Jessica
  2587 | D:3      | Noticed Natasha
  2592 | D:3      | Killed Natasha
  2739 | D:3      | Noticed Natasha
  2743 | D:3      | Killed Natasha
  2860 | D:4      | Found a shattered altar of Ashenzari.
  2872 | D:4      | Became a worshipper of Ashenzari the Shackled
  2953 | D:4      | Reached XP level 7. HP: 50/50 MP: 1/18
  3588 | D:4      | Reached skill level 5 in Stealth
  3795 | D:4      | Found a sacrificial altar of Ru.
  3843 | D:5      | Entered Level 5 of the Dungeon
  3936 | D:4      | Slain by a worker ant

Levels and vault maps discovered:
D:1:      noname_arrival_rooms_in_the_neighbourhood, layout_loops_ring,
          serial_forest, infiniplex_forest_end_1, infiniplex_forest_lined_2,
          infiniplex_forest_clump_medium, infiniplex_forest_clump_double,
          infiniplex_forest_clump_medium, infiniplex_forest_lined_room_,
          infiniplex_forest_join, minmay_tromino_v4_b
D:2:      layout_rooms, nicolae_qazlal_general_emergency, uniq_sigmund
D:3:      layout_loops_ring, lemuel_doored_altar, kennysheep_okawaru_gauntlet,
          uniq_terence, uniq_jessica, uniq_natasha
D:4:      layout_rooms, lemuel_round_altar, first_ration,
          nicolae_ru_path_of_blood
D:5:      layout_cave_pools, grunt_temple_overflow_growth_and_decay,
          cheibrodos_worm_habitat, minmay_temple_entry_water_ring

Skill      XL: |  1  2  3  4  5  6  7 |
---------------+----------------------+-----
Conjurations   | 2 3 |  3.1
Summonings     | 2 3 |  3.1
Translocations | 2 3 |  3.1
Invocations    | 1 2 3 |  3.0
Fighting       | 1 2 |  2.7
Short Blades   | 1 2 |  2.7
Long Blades    | 1 2 |  2.7
Axes           | 1 2 |  2.7
Maces & Flails | 1 2 |  2.7
Polearms       | 1 2 |  2.7
Staves         | 1 2 |  2.7
Slings         | 1 2 |  2.7
Bows           | 1 2 |  2.7
Crossbows      | 1 2 |  2.7
Throwing       | 1 2 |  2.7
Armour         | 1 2 |  2.7
Shields        | 1 2 |  2.7
Unarmed Combat | 1 2 |  2.7
Evocations     | 1 2 |  2.7
Hexes          | 1 2 |  2.2
Charms         | 1 2 |  2.2
Necromancy     | 1 2 |  2.2
Transmutations | 1 2 |  2.2
Fire Magic     | 1 2 |  2.2
Ice Magic      | 1 2 |  2.2
Air Magic      | 1 2 |  2.2
Earth Magic    | 1 2 |  2.2
Poison Magic   | 1 2 |  2.2
Dodging        | 5 |  5.3
Stealth        | 5 |  5.0
Spellcasting   | |  7.7

Action                   |  1- 3 |  4- 6 |  7- 9 || total
-------------------------+-------+-------+-------++-------
Melee: Short sword       |     4 |       |       ||     4
       Spear             |    14 |    38 |    91 ||   143
       Bite              |     1 |     1 |     5 ||     7
       Punch             |       |       |     1 ||     1
 Cast: Magic Dart        |    79 |   155 |   109 ||   343
       Conjure Flame     |       |     6 |     1 ||     7
  Use: Potion            |       |       |     2 ||     2
  Eat: Chunk             |     1 |     5 |     3 ||     9
Armor: Robe              |     2 |     4 |    37 ||    43
Dodge: Dodged            |    23 |    36 |   122 ||   181
